 Dungeon Crawl Stone Soup version 0.32-a0-918-g0f22ef8d61 (webtiles) character file.

Game seed: 12934446612228093465

20 innerfire43 the Grave Robber (level 2, -1/21 HPs)
             Began as a Demonspawn Wanderer on Apr 10, 2024.
             Succumbed to a goblin's poison
             ... on level 1 of the Dungeon.
             The game lasted 00:00:49 (471 turns).

innerfire43 the Grave Robber (Demonspawn Wanderer)   Turns: 471, Time: 00:00:49

Health: -1/21      AC:  3    Str:  9    XL:     2   Next: 58%
Magic:  5/5        EV: 10    Int: 14    God:
Gold:   29         SH:  0    Dex: 13    Spells: 5/5 levels left

rFire   . . .        a - +0 dagger
rCold   . . .        (no shield)
rNeg    . . .        c - +0 robe
rPois   .            (no helmet)
rElec   .            d - +0 cloak
rCorr   .            (no gloves)
SInv    .            (no boots)
Will    .....        (no amulet)
Stlth   ++           (no ring)
HPRegen 0.23/turn    (no ring)
MPRegen 0.09/turn

%: no passive effects
@: lethally poisoned (-1 -> -19)
A: weakness stinger 1
a: no special abilities


You were on level 1 of the Dungeon.
You visited 1 branch of the dungeon, and saw 1 of its levels.

You collected 29 gold pieces.

Inventory:

Hand Weapons
 a - a +0 dagger (weapon)
Armour
 c - a +0 robe (worn)
 d - a +0 cloak (worn)
Scrolls
 e - a scroll of brand weapon {unknown}
 f - a scroll of teleportation {unknown}
 i - a scroll of identify {unknown}
Potions
 b - a potion of mutation
 g - a potion of might {unknown}
 h - a potion of curing {unknown}


   Skills:
 + Level 1.4 Fighting
 + Level 0.8 Short Blades
 * Level 1.4 Armour
 - Level 1.0 Stealth
 - Level 2.0 Spellcasting
 - Level 3.2 Necromancy
 - Level 1.7 Fire Magic
 - Level 1.0 Evocations


You had 5 spell levels left.
You didn't know any spells.
Your spell library contained the following spells:

 Spells                   Type           Power      Damage    Failure   Level
 Necrotise                Necr           40%        1d6       6%          1
 Foxfire                  Conj/Fire      12%        2x1d4     17%         1
 Vampiric Draining        Necr           10%        2d6       19%         3
 Cigotuvi's Dreadful Rot  Necr/Alch/Air  8%         N/A       22%         2
 Volatile Blastmotes      Fire/Tloc      6%         2d10      45%         3


Dungeon Overview and Level Annotations

Branches:
Dungeon (1/15)

Altars:


Innate Abilities, Weirdness & Mutations

You have a small tail.


Message History

There are monsters nearby!
The goblin shouts!
You hit the goblin.
You kill the goblin!
You hear a splash.
A goblin is nearby!
A goblin is nearby!
A goblin is nearby!
The goblin hits you with a +0 dagger of venom.
You are poisoned.
A goblin is nearby!
You hit the goblin.
The goblin is moderately wounded.
You feel sick. The goblin closely misses you.
A goblin is nearby!
You miss the goblin.
The goblin is moderately wounded.
You feel sick.
The goblin hits you with a +0 dagger of venom.
You are more poisoned.
A goblin is nearby!
You hit the goblin but do no damage.
The goblin is moderately wounded.
You feel very sick.
The goblin hits you with a +0 dagger of venom.
You are more poisoned.
There is a lethal amount of poison in your body!
You barely miss the goblin.
Your tail-slap misses the goblin.
The goblin is moderately wounded.
* * * LOW HITPOINT WARNING * * *
You feel very sick.
The goblin hits you with a +0 dagger of venom.
* * * LOW HITPOINT WARNING * * *
There is a lethal amount of poison in your body!
You are too injured to fight recklessly!
There is a lethal amount of poison in your body!
You are too injured to fight recklessly!
You hit the goblin but do no damage.
The goblin is moderately wounded.
You die...

#####...##.##....
#.............#####♣
#.###...#....P~~P~~P
##.##....~~~~~~~
#.####..P~P~P~≈ #.#
#..~~P~~P≈ #.#
#..)~~~P≈≈ #.#
#...P~~~≈≈ ##### #.#
#.@..~~~~≈ ....# #.#
#.g.~P~P~~ ###.# ##.##
#...~P~~~~ ....#####...#
#...~~~~P~ .#........#.#
...~~PPP~P
....#####...##...###..#♣
#.#.# ##...##...# ..#
♣.#.# #.....#.### .#
♣♣..# ##...##


You could see a goblin.

Vanquished Creatures
  2 bats (D:1)
  2 endoplasms (D:1)
  A giant cockroach (D:1)
  3 goblins (D:1)
  2 hobgoblins (D:1)
  2 ball pythons (D:1)
  2 frilled lizards (D:1)
  2 kobolds (D:1)
  3 rats (D:1)
19 creatures vanquished.

Notes
Turn   | Place    | Note
-------+----------+-------------------------------------------
     0 | D:1      | innerfire43 the Demonspawn Wanderer began the quest for the
                  | Orb.
     0 | D:1      | innerfire43 set off with the following items: a +0 dagger,
                  | a potion of mutation, a +0 robe, a +0 cloak; and the
                  | following spells available to memorise: Necrotise, Foxfire,
                  | Vampiric Draining, Cigotuvi's Dreadful Rot, Volatile
                  | Blastmotes.
     0 | D:1      | Reached XP level 1. HP: 15/15 MP: 3/3
   206 | D:1      | Reached skill level 1 in Armour
   228 | D:1      | Gained mutation: You have a small tail. [demonic ancestry]
   228 | D:1      | Reached XP level 2. HP: 17/21 MP: 5/5
   471 | D:1      | Succumbed to a goblin's poison

Illustrated notes

Levels and vault maps discovered:
D:1:      amcnicky_arrival_choice, layout_loops_corners, serial_bayou,
          serial_bayou_pond_d, serial_bayou_crossing, serial_bayou_shore_a,
          serial_bayou_pond_c, serial_bayou_lagoon_a

Skill      XL: |  1 |
---------------+----+-----
Armour         | 1 |  1.4
Fighting       | |  1.4
Short Blades   | |  0.8
Stealth        | |  1.0
Spellcasting   | |  2.0
Necromancy     | |  3.2
Fire Magic     | |  1.7
Evocations     | |  1.0

Action                     || total
---------------------------++-------
  Melee: Dagger            ||    85
         Tailslap          ||     4
   Stab: Sleeping          ||     1
 Armour: Robe              ||    44
  Dodge: Dodged            ||    41

Table legend: (Time is in decaauts)
 A = Elapsed time spent in this place.
 B = Non-inter-level travel time spent in this place.
 C = Inter-level travel time spent in this place.
 D = Time resting spent in this place.
 E = Time spent auto-exploring this place.
 F = Levels seen in this place.
 G = Mean time per level.
                   A        B        C        D        E       F      G
               +--------+--------+--------+--------+--------+-----+--------+
         Total |    476 |    476 |      0 |      0 |    319 |   1 |  476.0 |
       Dungeon |    476 |    476 |      0 |      0 |    319 |   1 |  476.0 |
               +--------+--------+--------+--------+--------+-----+--------+

Top non-repeatable levels by time:
     D:1: 476 daAuts
